 Dungeon Crawl Stone Soup version 0.22-a0-439-gac93bac (webtiles) character file.

18 nikopol the Firebug (level 2, 0/15 HPs)
             Began as a Deep Elf Fire Elementalist on May 29, 2018.
             Slain by a bat (1 damage)
             ... on level 1 of the Dungeon.
             The game lasted 00:02:08 (472 turns).

nikopol the Firebug (Deep Elf Fire Elementalist)     Turns: 472, Time: 00:02:09

Health: 0/15       AC:  2    Str:  5    XL:     2   Next: 48%
Magic:  3/8        EV: 13    Int: 19    God:
Gold:   53         SH:  0    Dex: 15    Spells: 6/7 levels left

rFire    . . .     SeeInvis .   (no weapon)
rCold    . . .     Gourm    .   (no shield)
rNeg     . . .     Faith    .   a - +0 robe
rPois    .         Spirit   .   (no helmet)
rElec    .         Reflect  .   (no cloak)
rCorr    .         Harm     .   (no gloves)
MR       .....                  (no boots)
Stlth    ++........             (no amulet)
HPRegen  0.05/turn              (no ring)
MPRegen  0.11/turn              (no ring)

@: no status effects
A: no striking features
a: no special abilities


You were on level 1 of the Dungeon.
You were not hungry.

You visited 1 branch of the dungeon, and saw 1 of its levels.

You collected 53 gold pieces.

Inventory:

Armour
 a - a +0 robe (worn)
Scrolls
 b - a scroll of remove curse {unknown}
 d - a scroll of enchant weapon {unknown}
Potions
 e - a potion of haste {unknown}
Comestibles
 c - 4 rations
 f - a chunk of flesh


   Skills:
 + Level 2.7 Dodging
 + Level 2.5 Stealth
 + Level 3.3 Spellcasting
 + Level 1.1 Conjurations
 + Level 3.9 Fire Magic


You had 6 spell levels left.
You knew the following spells:

 Your Spells              Type           Power        Failure   Level  Hunger
a - Flame Tongue          Conj/Fire      ##...        5%          1    None

Your spell library contained the following spells:

 Spells                   Type           Power        Failure   Level  Hunger
 Fireball                 Conj/Fire      ##........   82%         5    ######.
 Conjure Flame            Conj/Fire      ##......     16%         3    ###....
 Throw Flame              Conj/Fire      ##....       8%          2    ##.....
 Sticky Flame             Conj/Fire      ##......     45%         4    ####...
 Inner Flame              Hex/Fire       ##......     21%         3    ###....


Dungeon Overview and Level Annotations

Branches:
Dungeon (1/15)

Altars:


Message History

The bat completely misses you. The bat hits you but does no damage.
You open the door. The bat barely misses you. The bat hits you.
* * * LOW HITPOINT WARNING * * *
The bat hits you but does no damage.
There is an open door here.
The bat hits you but does no damage. The bat hits you but does no damage.
The bat closely misses you. The bat hits you but does no damage.
The bat hits you but does no damage. The bat hits you but does no damage.
The bat closely misses you. The bat barely misses you.
The bat barely misses you. The bat hits you but does no damage.
The bat barely misses you. The bat hits you but does no damage.
The bat barely misses you. The bat hits you.
You die...

#.#.#.....##...#
#....# #.#..
#.#.########...#
#....###.### #.#.#
+...#####....##.....
#.#'##+###
#............##'###+
#........#
#............#..(#..
#........#
#............#...#≈.
#........#
#............#...#≈.
#.....K..#
#........#####...#≈.
#........# #.h@.....#
#...#≈.
#........###.b......#
#...#≈.
#..............######
#...#..
#........#######
#...... ###........#
#...... ....##'#...#
#...... ######.#...#
#.).... #.#...#
#.....< #.....#
#......


You could see a jackal and a bat.

Vanquished Creatures
  A dart slug (D:1)
  A leopard gecko (D:1)
  2 bats (D:1)
  A goblin (D:1)
  A hobgoblin (D:1)
  2 jackals (D:1)
  4 kobolds (D:1)
  2 rats (D:1)
14 creatures vanquished.

Notes
Turn   | Place    | Note
-------+----------+-------------------------------------------
     0 | D:1      | nikopol the Deep Elf Fire Elementalist began the quest for the Orb.
     0 | D:1      | Reached XP level 1. HP: 10/10 MP: 6/6
   170 | D:1      | Reached XP level 2. HP: 13/15 MP: 2/8
   472 | D:1      | Slain by a bat

Vault maps used:
D:1:      lightli_arrival_quake

Action                   || total
-------------------------++-------
 Cast: Flame Tongue      ||    24
Armor: Robe              ||    13
Dodge: Dodged            ||    28

Table legend:
 A = Spawn XP
 B = Non-spawn XP
 C = Spawn XP percentage of total XP
 D = Spawn monster count
 E = Non-spawn monster count
 F = Spawn count percentage of total count
 G = Total turns spent on level
                    A         B        C        D         E        F      G
               +---------+---------+-------+---------+---------+-------+---------
         Total |       0 |      26 |   0.0 |       0 |      14 |   0.0 |   472
               +---------+---------+-------+---------+---------+-------+---------
           D:1 |       0 |      26 |   0.0 |       0 |      14 |   0.0 |   472
               +---------+---------+-------+---------+---------+-------+---------
